Cogmind - Beta 10.1 @@@ ROGUE MODE // 2020.10.15 @ 13:24:18 Player: CVD-b335 Result: Destroyed by as-57767 with Assembled Rifle Performance ------------- Evolutions (1) 500 Regions Visited (3) 600 Robots Destroyed (38) 190 Value Destroyed (847) 847 Prototype IDs (1) 20 Alien Tech Used (0) 0 Bonus (0) 0 TOTAL SCORE: 2157 Bonus ------- None Cogmind --------- Core Integrity 0/400 Matter 123/300 Energy 94/100 System Corruption 3% Temperature Cool (0) Movement Rolling (110) Ox3 Location -9/Mines Parts ------- > --- POWER (1) -------- (None) > --- PROPULSION (2) --- Wheel > --- UTILITY (4) ------ Large Storage Unit Large Storage Unit Improved Targeting Computer > --- WEAPON (2) ------- (None) > --- INVENTORY (16) --- Thermal Generator Thermal Generator Thermal Generator Heat Sink Improved Targeting Computer Improved Targeting Computer Improved Targeting Computer Hacking Suite Datajack Peak State ------------ > --- POWER ------------ Ion Engine > --- PROPULSION ------- Armored Wheel Armored Wheel > --- UTILITY ---------- Heat Sink Large Storage Unit Large Storage Unit Improved Targeting Computer > --- WEAPON ----------- EM Pulse Cannon EM Pulse Cannon > --- INVENTORY -------- Ion Engine Wheel Wheel Thermal Generator Visual Processing Unit Improved Targeting Computer Improved Targeting Computer Improved Targeting Computer Light Armor Plating Hacking Suite EM Pulse Cannon EM Pulse Cannon Assault Rifle Heavy Assault Rifle Mini Grenade Launcher Datajack [Rating: 19] Favorites ----------- Power Ion Engine Engine Ion Engine Propulsion Armored Wheel Leg Aluminum Leg Wheel Armored Wheel Utility Large Storage Unit Device Heat Sink Storage Large Storage Unit Processor Improved Targeting Computer Protection Improved Light Armor Plating Weapon EM Pulse Cannon Energy Gun EM Pulse Gun Energy Cannon EM Pulse Cannon Ballistic Gun Assault Rifle Launcher Mini Grenade Launcher Build | -11 -10 -9 -9 ------- Run | Scr Mat Mat Min Slots Evolved 2 | . . 2 . Power . | . . . . Propulsion . | . . . . Utility 2 | . . 2 . Weapon . | . . . . Parts Attached 34 | . 5 17 12 Power 4 | . . 2 2 Engine 4 | . . 2 2 Core . | . . . . Reactor . | . . . . Propulsion 8 | . 2 3 3 Treads . | . . . . Leg . | . . . . Wheel 8 | . 2 3 3 Hover . | . . . . Flight . | . . . . Utility 12 | . 2 6 4 Device 4 | . . 2 2 Storage 4 | . 2 2 . Processor 2 | . . 2 . Hackware . | . . . . Protection 2 | . . . 2 Artifact . | . . . . Weapon 10 | . 1 6 3 Energy Gun 3 | . 1 2 . Energy Cannon 5 | . . 3 2 Ballistic Gun 1 | . . 1 . Ballistic Cannon . | . . . . Launcher 1 | . . . 1 Special Weapon . | . . . . Impact Weapon . | . . . . Slashing Weapon . | . . . . Piercing Weapon . | . . . . Special Melee Weapon . | . . . . Unidentified Prototypes 1 | . . 1 . Parts Lost 20 | . . 5 15 Power 4 | . . 1 3 Propulsion 5 | . . 1 4 Utility 4 | . . 1 3 Weapon 7 | . . 2 5 Highest Loss Streak 8 | . . 5 8 Average Slot Usage (%) 93 | . 98 97 83 Engine 10 | . 14 11 5 Wheel 21 | . 25 21 17 Device 6 | . . 9 5 Storage 22 | . 27 22 22 Processor 8 | . . 10 11 Protection 1 | . . . 4 Energy Gun 9 | . 23 9 . Energy Cannon 9 | . . 11 12 Ballistic Gun 1 | . 4 . . Naked Turns . | . . . . Heaviest Build 50 | 13 41 50 50 Greatest Support 24 | 20 20 24 24 Greatest Overweight (x) 13 | . 2 4 13 Average Overweight (x) 1 | . 1 1 2 Largest Inventory Capacity 16 | . 16 16 16 Average Capacity 15 | . 15 16 16 Most Carried 16 | . 13 16 16 Average Carried 13 | . 9 14 12 Final Capacity 16 | 6 16 16 16 Final Carried 16 | 6 13 16 9 Class Distribution -------------------- 100% | Mutant Dominant Class ---------------- Mutant | -10/Materials Mutant | -9/Materials Mutant | -9/Mines Resources | -11 -10 -9 -9 ----------- Run | Scr Mat Mat Min Matter Collected 488 | 200 50 150 88 Remotely . | . . . . Salvage Created 1098 | . 49 775 274 Parts 70 | . 5 56 9 Haulers Intercepted 3 | . . 3 . Recyclers Shooed 2 | . . . 2 Parts Field Recycled . | . . . . Retrieved Matter . | . . . . Parts Self-Destructed . | . . . . Prevented . | . . . . Kills | -11 -10 -9 -9 ------- Run | Scr Mat Mat Min Combat Hostiles Destroyed 29 | . 3 14 12 Guns 10 | . 3 7 . Cannons 9 | . . 7 2 AOE 10 | . . . 10 Classes Destroyed 12 | . 1 7 4 Worker 2 | . . . 2 Hauler 3 | . . 3 . Recycler 2 | . . . 2 Operator 1 | . . 1 . Watcher 1 | . . 1 . Swarmer 6 | . 3 3 . Grunt 9 | . . 5 4 Brawler 1 | . . 1 . Duelist 1 | . . 1 . Sentry 4 | . . 4 . Demolisher 1 | . . . 1 Assembled 7 | . . . 7 Best Kill Streak 7 | . 3 6 7 Combat Bots Only 7 | . 3 5 7 Max Kills in Single Turn 2 | . 1 1 2 Gunslinging . | . . . . Exploded 2 | . . . 2 Melee . | . . . . Uniques/NPCs Destroyed . | . . . . Combat | -11 -10 -9 -9 -------- Run | Scr Mat Mat Min Damage Taken 2207 | . 70 643 1494 Core 412 | . 7 79 326 Absorbed by Shields . | . . . . Core Remaining (%) 98 | 100 97 . . Volleys Fired 76 | . 6 45 25 Largest 2 | . 2 2 2 Hottest 133 | . 80 133 126 Shots Fired 125 | . 12 85 28 Gun 63 | . 12 51 . Cannon 42 | . . 34 8 Launcher 20 | . . . 20 Special . | . . . . Kinetic 5 | . . 5 . Thermal 42 | . . 42 . Explosive 20 | . . . 20 Electromagnetic 58 | . 12 38 8 Robot Hit Streak 14 | . 3 14 8 Robot Miss Streak 6 | . 1 6 5 Penetration Max . | . . . . Secondary Targets 3 | . 1 2 . Max Gunslinging Chain 1 | . 1 1 . Shots Hit Robots 75 | . 8 52 15 Core Hits 51 | . 3 27 21 Critical Hits 2 | . . 2 . Critical Kills 2 | . . 2 . Critical Parts Destroyed . | . . . . Melee Attacks . | . . . . Impact . | . . . . Slashing . | . . . . Piercing . | . . . . Sneak Attacks . | . . . . Combat Hostiles . | . . . . Follow-up Attacks . | . . . . Damage Inflicted 2182 | . 68 902 1212 Guns 450 | . 68 382 . Cannons 545 | . . 454 91 Explosions 1187 | . . 66 1121 Melee . | . . . . Ramming . | . . . . Kinetic 31 | . . 31 . Thermal 861 | . . 579 282 Explosive 839 | . . . 839 Electromagnetic 451 | . 68 292 91 Impact . | . . . . Slashing . | . . . . Piercing . | . . . . Highest Corruption 3 | . . . 3 Average Corruption 3 | . . . 3 Corruption Purged . | . . . . Overload Shots . | . . . . Overflow Damage 15 | . . . 15 Projectiles . | . . . . Explosions 15 | . . . 15 Melee . | . . . . Knockbacks . | . . . . Impact . | . . . . Kinetic . | . . . . Secondary . | . . . . Self-Inflicted Damage 148 | . . . 148 Shots 4 | . . . 4 Rammed . | . . . . Targets Rammed . | . . . . Kicked . | . . . . Crushed . | . . . . Highest Temperature 332 | . 108 332 60 Average Temperature 51 | . 55 53 20 Received Heat Transfer 219 | . . 201 18 Effects 2 | . . 2 . Interference 1 | . . 1 . Short Circuit 1 | . . 1 . Siege Activations . | . . . . Robots Corrupted . | . . . . Combat Hostiles . | . . . . Parts Fried . | . . . . Impact Corruptions . | . . . . Robots Melted . | . . . . Combat Hostiles . | . . . . Parts Melted 5 | . . 4 1 Heat Transferred 1473 | . . 1173 300 Parts Sabotaged . | . . . . Parts Stolen . | . . . . Parts Stripped . | . . . . Power Chain Reactions 1 | . . 1 . Missiles Intercepted . | . . . . Alert | -11 -10 -9 -9 ------- Run | Scr Mat Mat Min Peak Influence 249 | . 85 249 220 Initial 45 | . . 35 45 Average 128 | . 11 136 194 Maximum Alert Level 1 | . . 1 1 Low Security (%) 74 | . 100 75 52 Level 1 25 | . . 24 47 Level 2 . | . . . . Level 3 . | . . . . Level 4 . | . . . . Level 5 . | . . . . High Security . | . . . . Max Security . | . . . . Squads Dispatched 3 | . 1 1 1 Investigation . | . . . . Extermination . | . . . . Reinforcement 3 | . 1 1 1 Assault . | . . . . Garrison . | . . . . Intercept . | . . . . Construction Impeded 1 | . . . 1 Haulers Reinforced . | . . . . Stealth | -11 -10 -9 -9 --------- Run | Scr Mat Mat Min Distress Signals 3 | . . 3 . Communications Jammed . | . . . . Distress Signals . | . . . . Times Spotted 50 | . 7 21 22 Peak Tracking Total 12 | . 4 5 12 Tactical Retreats . | . . . . Traps | -11 -10 -9 -9 ------- Run | Scr Mat Mat Min Traps Triggered . | . . . . Indirectly . | . . . . Trap Hack Attempts . | . . . . Triggered . | . . . . Disarmed . | . . . . Reprogrammed 9 | . . 9 . Reused . | . . . . Traps Extracted . | . . . . Installed . | . . . . Triggered . | . . . . Machines | -11 -10 -9 -9 ---------- Run | Scr Mat Mat Min Machines Disabled 10 | . . 4 6 Max in Single Turn 6 | . . 1 6 Machines Sabotaged . | . . . . Garrisons Compromised . | . . . . Overloaded Fab Kills . | . . . . Fab Network Shutdowns . | . . . . Hacking | -11 -10 -9 -9 --------- Run | Scr Mat Mat Min Machines Accessed 6 | . 2 4 . Terminals 5 | . 2 3 . Fabricators . | . . . . Repair Stations . | . . . . Recycling Units . | . . . . Scanalyzers 1 | . . 1 . Garrison Access . | . . . . Total Hacks 23 | . 9 14 . Successful 17 | . 5 12 . Failed 6 | . 4 2 . Catastrophic . | . . . . Database Lockouts . | . . . . Manual 14 | . 8 6 . Terminals 21 | . 9 12 . Fabricators . | . . . . Repair Stations . | . . . . Recycling Units . | . . . . Scanalyzers 2 | . . 2 . Garrison Access . | . . . . Terminal Hacks 5 | . . 5 . Unreport Threat 2 | . . 2 . Reprogram Traps 3 | . . 3 . Fabricator Hacks . | . . . . Repair Station Hacks . | . . . . Recycling Unit Hacks . | . . . . Scanalyzer 2 | . . 2 . Insert Component 1 | . . 1 . Analyze 1 | . . 1 . Garrison Access Hacks . | . . . . Unauthorized Hacks 10 | . 5 5 . Terminals 10 | . 5 5 . Track 4 | . 2 2 . Assimilate 1 | . 1 . . Botnet 4 | . 2 2 . Operators 1 | . . 1 . Fabricators . | . . . . Repair Stations . | . . . . Recycling Units . | . . . . Scanalyzers . | . . . . Garrison Access . | . . . . Data Cores Recovered 1 | . . 1 . Used 1 | . . 1 . Hacking Detections 6 | . 2 4 . Full Trace Events . | . . . . Feedback Events . | . . . . Feedback Blocked . | . . . . Robot Schematics Acquired . | . . . . Robots Built . | . . . . Matter . | . . . . Time . | . . . . Total Robot Build Rating . | . . . . Part Schematics Acquired 1 | . . 1 . Parts Built . | . . . . Matter . | . . . . Time . | . . . . Total Part Build Rating . | . . . . Parts Repaired . | . . . . Time . | . . . . Parts Recycled . | . . . . Recycled Matter . | . . . . Retrieved Matter . | . . . . Retrieved Components . | . . . . Parts Scanalyzed 1 | . . 1 . Part Schematics Acquired 1 | . . 1 . Parts Damaged . | . . . . Bothacking | -11 -10 -9 -9 ------------ Run | Scr Mat Mat Min Used RIF Installer . | . . . . Robots Hacked . | . . . . Non-combat . | . . . . Combat . | . . . . Robot Hacks Applied . | . . . . Relay Couplers Released . | . . . . Robots Rewired . | . . . . Allies Hacked . | . . . . Hacks Repelled . | . . . . Allies | -11 -10 -9 -9 -------- Run | Scr Mat Mat Min Total Allies 1 | . 1 . . Largest Group 1 | . 1 1 . Highest-Rated Group 10 | . 10 10 . Highest-Rated Ally 10 | . 10 10 . Total Orders . | . . . . Ally Attacks . | . . . . Total Damage . | . . . . Kills . | . . . . Allies Corrupted . | . . . . Allies Melted . | . . . . Intel | -11 -10 -9 -9 ------- Run | Scr Mat Mat Min Robot Analysis Total . | . . . . Derelict Logs Recovered . | . . . . Drone Launches . | . . . . Drone Recoveries . | . . . . Exploration | -11 -10 -9 -9 ------------- Run | Scr Mat Mat Min Turns Passed 1345 | . 241 761 343 Spaces Moved 943 | 1 204 521 217 Core 7 | . . . 7 Treads . | . . . . Legs 12 | 1 11 . . Wheels 924 | . 193 521 210 Hover . | . . . . Flight . | . . . . Fastest Speed 90 | 120 90 100 90 Average Speed 106 | 120 101 102 121 Slowest Speed 700 | 120 150 120 700 Overloaded Moves . | . . . . Propulsion Burnouts . | . . . . Robots Hopped . | . . . . Cave-ins Triggered 1 | . . . 1 Exploration Rate (%) 32 | 1 47 41 42 Regions Visited 3 Branch Regions 1 Pre-discovered Areas . | . . . . Known Exits Taken . | . . . . Unknown Exits Taken 3 | 1 1 1 . Scrap Searched 1 | . . . 1 Spaces Dug . | . . . . Terrain Destroyed 146 | . . 2 144 Melee . | . . . . Projectile . | . . . . AOE 146 | . . 2 144 Terrain Rammed . | . . . . Walls Destroyed . | . . . . Machines Disabled . | . . . . Actions | -11 -10 -9 -9 --------- Run | Scr Mat Mat Min Total 1168 | . 227 674 267 Wait 53 | . 1 41 11 Move 939 | . 203 520 216 Hop . | . . . . Pick Up 29 | . 7 22 . Fast Attach 13 | . 2 8 3 Attach 17 | . 2 7 8 Detach 12 | . 3 8 1 Swap 4 | . 1 2 1 Drop 24 | . 2 21 1 Fire 76 | . 6 45 25 Melee . | . . . . Ram . | . . . . Kick . | . . . . Crush . | . . . . Escape Stasis 1 | . . . 1 Rewire . | . . . . Trap . | . . . . Miscellaneous . | . . . . Route ------- -11/Scrapyard -10/Materials -9/Materials -9/Mines History --------- Turn | Location | Event 1 | -11/Scrapyard | Discovered new exit (range 0) 1 | -11/Scrapyard | Entered Materials 222 | -10/Materials | Discovered new exit (range 16) 242 | -10/Materials | Entered another Materials area 242 | -9/Materials | Accompanied by 1 ally 242 | -9/Materials | Evolved 2 slots: Utility x2 338 | -9/Materials | Build established: Mutant 352 | -9/Materials | Lost 5 parts (1p1n1u2w) 919 | -9/Materials | Discovered new exit (range 9) 1003 | -9/Materials | Entered Mines 1066 | -9/Mines | Met a Derelict bent on vengeance 1113 | -9/Mines | Assembled infested the area 1218 | -9/Mines | Lost 8 parts (2p2n1u3w) 1236 | -9/Mines | Core integrity fell below 50% 1257 | -9/Mines | Destroyed 7 combat bots 1306 | -9/Mines | Core integrity fell below 20% 1325 | -9/Mines | Crushed by falling debris 1346 | -9/Mines | Destroyed by as-57767 with Assembled Rifle Last Messages --------------- 01321_ The unstable cave ceiling collapses. 01322_ U-05 Engineer lays Concrete. 01323_ The unstable cave ceiling collapses. 01323_ U-05 Engineer builds a Wall. 01324_ The unstable cave ceiling collapses. 01325_ Crushed by falling debris. 01325_ Mni. Grenade Launcher destroyed. 01325_ System corrupted by crushing effect (+3). 01326_ The unstable cave ceiling collapses. 01332_ U-05 Engineer lays Concrete. 01333_ U-05 Engineer builds a Wall. 01336_ The unstable cave ceiling collapses. 01338_ U-05 Engineer builds a Wall. 01342_ U-05 Engineer lays Concrete. 01343_ U-05 Engineer builds a Wall. 01343_ Acquired Wheel. 01344_ U-05 Engineer destroyed. 01345_ Acquired 20 matter. 01346_ The unstable cave ceiling collapses. 01346_ Lgt. Armor Plating destroyed. Map ----- +----------------------------------------------------+ | ?????????????????????????????????????????????????? | | ?????????????????????????????????????????????????? | | ?????????????????????????????????????????????????? | | ?????????????????????????????????????????????????? | | ?????????????????????????????????????????????????? | | ?????????????????????????????????????????????????? | | ?????????????????????????????????????????????????? | | ?????????????????????????????????????????????????? | | ?????????????????????????????????????????????????? | | ?????????????????????????????????????????????????? | | ???????????????????????? #??????????????????????? | | ????????????????????????? #?????????????????????? | | ????????????????????????? ###??????????????????? | | ????????????????????????? #??????????????????? | | ????????????????????????? ###????????????????? | | ????????????????????????## ##???????????????? | | ????????????????????????? # ##??????????????? | | ???????????????????????### % ###????????????? | | ??????????????????????## = ##???????????? | | ??????????????????????# ????????????? | | ??????????????????????? ?????????????? | | ??????????????????????## % ??????????????? | | ???????????????????#### ! ####?????????????? | | ??????????????###### # # #?????????????? | | ?????????????## # # ## *## ##?????????????? | | ????????#################@ a # #?????????????? | | ??????#"%" % =!%%!! a ##?????????????? | | ????????###### ########|# ## #?????????????? | | ?????????????## ## # # ##????????????? | | ??????????????####### # # ##???????????? | | ????????????????????### ###???######?? | | ??????????????????????##### #??## ### | | ??????????????????????????# # ##?# # | | ??????????????????????????# # ## # # ### # | | ??????????????????????????### # | | ???????????????????????????## # # # | | ???????????????????????????# # ## # % | | ???????????????????????????# ## # | | ???????????????????????????# # # | | ???????????????????????????# # ## | | ???????????????????????????## # ### ## | | ???????????????????????????## = # | | ???????????????????????????## ! ! # | | ????????????????????????????### ## # ### # | | ?????????????????????????????## ## ## # | | ??????????????????????????#### ## # | | ??????????????????????????# ### ##### | | ?????????????????????????# ########### | | ?????????????????????????# ### %! | | ?????????????????????????## ##?# !!! ## | +----------------------------------------------------+ Best States ------------- Heat Dissipation 38 Energy Generation 10 Energy Capacity 250 Matter Stores 300 Matter Capacity 300 Sight Range 16 Robot Scan Range 10 Terrain Scan Density 10 Armor Coverage 150 Evasion (%) 42 Targeting Accuracy 6 Item Schematics ----------------- Arm. Wheel | -9/Materials | Scanalyzed Robot Schematics ------------------ None Fabricated ------------ Nothing Alien Tech Used ----------------- None Achievements -------------- None Challenges ------------ None Game ------ Seed LightningRefineryCutter Manual? 0 Play Time 00:22:07 Cumulative 57.4 hours Start 2020.10.15 @ 01:06:41 End 2020.10.15 @ 13:24:18 Sessions 2 Manual Loads 0 Difficulty Rogue Special Mode None Game No. 63 Rogue 63 Adventurer 0 Explorer 0 Win Type - Total 2 Types 2/0/0/0/0/0/0/0/0 Lore% 40 Gallery% 58 Achievement% 40 Wizard Run 0 Options --------- ASCII 0 Keyboard 1 Movement Numpad Keybinds 0 Fullscreen 2 Font 18/SmallcapsGlow Map View 76x50 Tactical HUD 1 Map Filters NONE Filters NONE Steam 1 RUN: 59f3c352-c585-4f27-a953-3d67517be74c